Map: Automaton LE

Players

llllllllllll

  • Race: Protoss Protoss
  • League: Grandmaster
  • Spawn Location: 9:00

Namshar - Winner!

  • Race: Zerg Zerg
  • League: Grandmaster
  • Spawn Location: 3:00

VOD

Have the link to the VOD?

Description

Time

  • Played on: Dec. 7, 2018, 7:09 p.m.
  • Length: 10:54
Show
View Real Time Build Order
Export as new Build Order

llllllllllll Protoss 

Build Orders: 1 Gate Expand, Oracle Opening, Phoenix Opening 

Get SALT Encoding   

  12  0:00  Probe  
  13  0:13  Probe  
  14  0:18  Pylon  
  14  0:25  Probe  
  15  0:32  Assimilator  
  15  0:36  Probe  
  16  0:44  Gateway  
  16  0:45  Probe  
  17  0:53  Probe  
  18  1:03  Probe  
  19  1:15  Probe  
  20  1:26  Nexus  
  20  1:34  Cybernetics Core  
  20  1:37  Probe  
  21  1:44  Assimilator  
  21  1:49  Probe  
  21  1:53  Pylon  
  22  2:01  Probe  
  22  2:02  Adept  
  23  2:13  Probe  
  26  2:19  Stargate  
  26  2:23  Warp Gate  
  26  2:25  Probe  
  26  2:29  Adept  
  27  2:34  Probe  
  29  2:38  Probe  
  29  2:42  Probe  
  31  2:50  Probe  
  33  2:53  Oracle  
  33  2:56  Probe  
  34  3:02  Probe  
  38  3:08  Probe  
  38  3:09  Pylon  
  39  3:14  Probe  
  40  3:20  Probe  
  40  3:22  Phoenix, Assimilator  
  40  3:24  Assimilator  
  40  3:26  Probe  
  42  3:32  Probe  
  45  3:38  Probe  
  46  3:42  Gateway  
  46  3:44  Probe  
  47  3:51  Probe  
  48  3:56  Probe  
  48  3:57  Pylon  
  49  4:03  Probe  
  49  4:07  Oracle  
  49  4:09  Probe  
  54  4:10  Stargate  
  54  4:15  Probe  
  55  4:21  Probe  
  56  4:26  Pylon  
  56  4:39  Nexus  
  56  4:40  Adept x2  
  56  4:44  Oracle  
  63  4:50  Probe x2  
  65  4:54  Oracle  
  68  5:02  Probe  
  68  5:04  Pylon  
  68  5:05  Pylon  
  69  5:10  Gateway  
  69  5:14  Pylon  
  69  5:17  Probe  
  70  5:22  Probe  
  70  5:24  Adept x2  
  70  5:25  Oracle  
  78  5:30  Probe  
  78  5:32  Oracle  
  78  5:35  Probe  
  83  5:38  Stargate  
  83  5:42  Probe  
  84  5:47  Probe  
  85  5:50  Twilight Council  
  85  5:52  Oracle  
  85  5:54  Probe  
  86  5:59  Probe  
  86  6:02  Oracle  
  90  6:04  Probe  
  90  6:06  Probe  
  90  6:08  Forge  
  90  6:11  Probe  
  96  6:17  Probe  
  97  6:18  Probe  
  97  6:19  Assimilator  
  97  6:20  Assimilator  
  97  6:23  Probe  
  97  6:25  Protoss Ground Armor Level 1  
  99  6:30  Oracle  
  102  6:33  Probe x2  
  104  6:40  Probe  
  104  6:43  Oracle  
  104  6:44  Charge  
  104  6:45  Probe  
  109  6:52  Pylon  
  109  6:56  Gateway  
  109  6:57  Gateway  
  109  6:59  Gateway  
  109  7:10  Oracle  
  109  7:12  Oracle  
  109  7:13  Oracle  
  109  7:22  Zealot x2  
  116  7:27  Probe  
  116  7:28  Gateway  
  116  7:29  Gateway  
  117  7:31  Pylon  
  117  7:32  Pylon  
  117  7:38  Pylon  
  117  7:40  Pylon  
  117  7:42  Pylon  
  117  7:49  Pylon, Probe, Oracle  
  117  7:51  Pylon, Oracle  
  121  7:52  Pylon, Oracle  
  121  7:55  Zealot x3  
  133  8:00  Zealot x3  
  139  8:08  Pylon  
  139  8:15  Probe  
  140  8:20  Zealot x6  
  152  8:27  Nexus  
  152  8:30  Zealot x2  
  149  8:35  Probe x3  
  137  8:41  Zealot  
  137  8:42  Zealot x2  
  137  8:47  Probe x3  
  146  8:55  Oracle x2  
  97  9:05  Oracle  
  83  9:10  Probe x3  
  83  9:14  Templar Archives  
  78  9:21  Oracle x2  
  78  9:22  Zealot  
  78  9:23  Zealot  
  74  9:24  Sentry  
  76  9:34  Oracle  
  85  9:46  Oracle x2  
  85  9:50  Zealot x2  
  95  10:02  Zealot x3  
  101  10:08  Probe  
  101  10:11  Oracle  
  105  10:14  Oracle  
  105  10:15  Oracle  
  105  10:21  Zealot x3  
  117  10:46  Zealot x4  
  117  10:47  Zealot x2  
Show
View Real Time Build Order
Export as new Build Order

Namshar Zerg - Winner!

Build Orders: Hatch First, Lurkers, Roach Hydra 

Get SALT Encoding   

  12  0:01  Drone  
  13  0:12  Overlord  
  13  0:17  Drone  
  14  0:31  Drone x2  
  16  0:49  Hatchery  
  15  0:52  Drone  
  15  0:56  Drone  
  17  0:59  Drone  
  18  1:10  Extractor  
  17  1:15  Spawning Pool  
  17  1:18  Drone  
  17  1:21  Drone  
  18  1:28  Drone  
  19  1:39  Drone  
  20  1:50  Drone  
  21  2:01  Queen  
  21  2:02  Queen  
  21  2:03  Zergling x2, Overlord  
  26  2:11  Metabolic Boost  
  26  2:12  Drone  
  26  2:14  Zergling x2  
  28  2:22  Drone  
  29  2:23  Drone  
  30  2:33  Drone x2  
  32  2:42  Hatchery  
  31  2:48  Queen  
  33  2:53  Overlord  
  33  3:00  Drone x2  
  33  3:04  Overlord  
  35  3:07  Drone  
  36  3:14  Drone x3  
  36  3:18  Drone  
  36  3:19  Drone  
  42  3:20  Drone x2  
  42  3:25  Overlord  
  43  3:28  Spore Crawler  
  43  3:32  Spore Crawler  
  41  3:36  Queen  
  41  3:39  Drone  
  44  3:49  Drone  
  44  3:50  Drone x3  
  44  3:52  Drone  
  44  3:53  Drone x2  
  50  3:59  Drone x3  
  50  4:01  Overlord  
  53  4:08  Overlord  
  53  4:11  Drone x3  
  56  4:17  Overlord  
  56  4:19  Lair  
  56  4:24  Roach Warren  
  56  4:27  Extractor x2  
  56  4:28  Spore Crawler, Drone  
  52  4:37  Zergling x12  
  52  4:38  Zergling x2  
  59  4:42  Drone x2  
  59  4:43  Drone  
  62  4:47  Drone x3  
  62  4:48  Drone  
  66  4:53  Queen  
  67  5:06  Queen  
  67  5:07  Drone  
  70  5:08  Drone x2  
  70  5:09  Drone x2  
  70  5:10  Roach x2  
  70  5:11  Overlord  
  70  5:13  Roach  
  80  5:26  Overlord  
  80  5:27  Overlord x2  
  80  5:29  Glial Reconstitution  
  80  5:30  Hydralisk Den  
  80  5:33  Evolution Chamber  
  80  5:34  Roach x3  
  84  5:40  Roach x2  
  84  5:41  Overlord  
  84  5:42  Zergling x4  
  89  5:48  Queen  
  91  5:53  Zergling x6  
  91  5:54  Zergling x2  
  91  5:56  Drone x3  
  91  5:57  Drone  
  99  6:00  Zerg Missile Weapons Level 1  
  99  6:01  Grooved Spines  
  99  6:09  Drone  
  99  6:10  Drone x2  
  103  6:11  Drone x3  
  103  6:13  Extractor  
  104  6:19  Drone x3  
  104  6:23  Queen  
  104  6:24  Queen  
  107  6:29  Extractor x2  
  107  6:30  Drone  
  107  6:31  Spore Crawler x2, Drone  
  99  6:47  Drone x3  
  101  6:48  Drone  
  101  6:49  Spore Crawler  
  101  6:50  Drone x2  
  101  6:52  Drone  
  105  6:55  Queen  
  107  7:02  Hatchery  
  107  7:05  Hydralisk x5  
  114  7:09  Hydralisk x2  
  114  7:13  Muscular Augments  
  114  7:16  Hydralisk x2  
  114  7:17  Hydralisk  
  118  7:30  Hydralisk  
  118  7:31  Overlord x2  
  118  7:32  Overlord x2  
  120  7:38  Lurker Den  
  120  7:43  Queen  
  121  7:52  Hydralisk x7  
  121  7:56  Zerg Missile Weapons Level 2  
  135  8:10  Drone  
  135  8:12  Drone x4  
  140  8:13  Drone x2  
  142  8:20  Overlord  
  142  8:21  Overlord  
  142  8:29  Hydralisk x8  
  157  8:38  Hydralisk x2  
  157  8:39  Hydralisk x3  
  164  8:47  Hydralisk  
  164  8:48  Hydralisk x2  
  165  8:54  Zergling x2, Hydralisk  
  165  8:55  Zergling x8  
  156  8:58  Hydralisk  
  156  8:59  Zergling x2  
  118  9:03  Roach x3  
  118  9:08  Roach  
  111  9:22  Hydralisk x6  
  123  9:40  Lurker  
  123  9:41  Lurker x2  
  123  9:42  Hydralisk x2  
  123  9:43  Zergling x14  
  123  9:44  Zergling x2  
  138  9:46  Queen  
  138  9:49  Queen  
  138  9:51  Hydralisk  
  144  9:58  Hydralisk x3  
  150  10:03  Overseer  
  150  10:25  Overlord, Lurker  
  150  10:26  Overlord  
  150  10:27  Drone  
  150  10:28  Extractor, Drone x7  
  158  10:29  Drone x2  
  158  10:31  Lurker  
  158  10:32  Lurker  
  168  10:37  Zergling x8  
Tags
 
Add a new tag
Caveats
  • Supply blocks, unpowered buildings, or Contaminate may cause inaccurate times.
  • Supply counts are checked every 10 seconds.